Map: Astillero orbital

Players

xXkazperXx - Winner!

  • Race: Zerg Zerg
  • League: Bronze

RANURA DE IA (Muy fácil)

  • Race: Protoss Protoss

VOD

Have the link to the VOD?

Description

Time

  • Played on: April 2, 2016, 11:38 p.m.
  • Length: 4:02
Show
View Real Time Build Order
Export as new Build Order

xXkazperXx Zerg - Winner!

Build Orders: Pool Only 

Get SALT Encoding   

  12  0:02  Drone  
  13  0:13  Overlord  
  13  0:23  Drone  
  14  0:36  Spawning Pool  
  14  0:42  Extractor  
  12  0:43  Drone  
  13  0:54  Drone x2  
  15  1:09  Overlord, Drone  
  16  1:22  Queen  
  16  1:25  Zergling x2  
  19  1:40  Drone x2  
  21  1:47  Metabolic Boost  
  21  1:54  Evolution Chamber  
  21  1:55  Drone  
  21  2:03  Roach Warren  
  20  2:08  Zergling x2  
  21  2:16  Extractor  
  21  2:17  Zergling x2  
  21  2:38  Zergling x10  
  26  3:02  Drone x2  
Show
View Real Time Build Order
Export as new Build Order

RANURA DE IA (Muy fácil) Protoss 

Build Orders:  

Get SALT Encoding   

  12  0:01  Probe (Chrono Boost)  
  13  0:11  Probe (Chrono Boost)  
  14  0:20  Pylon  
  14  0:36  Assimilator  
  14  0:43  Gateway  
  14  0:46  Pylon  
  14  1:13  Assimilator  
  14  1:21  Probe (Chrono Boost)  
  15  1:31  Probe (Chrono Boost)  
  16  1:34  Cybernetics Core  
  16  1:42  Probe (Chrono Boost)  
  17  1:52  Probe (Chrono Boost)  
  18  2:00  Warp Gate  
  18  2:03  Probe (Chrono Boost)  
  19  2:09  Stalker  
  19  2:14  Probe (Chrono Boost)  
  22  3:33  Pylon  
  22  3:45  Pylon  
  17  3:49  Probe (Chrono Boost)  
Tags
 
Add a new tag
Caveats
  • Supply blocks, unpowered buildings, or Contaminate may cause inaccurate times.
  • Supply counts are checked every 10 seconds.